 Dungeon Crawl Stone Soup version 0.31.0-1-g2c135a0 (webtiles) character file.

Game seed: 8161022771324261482

213474 SirRobin the Eclecticist (level 18, -8/132 HPs)
             Began as a Vampire Enchanter on Apr 8, 2024.
             Was the Champion of Dithmenos.
             Mangled by an alligator (11 damage)
             ... on level 4 of the Swamp.
             The game lasted 01:54:36 (72711 turns).

SirRobin the Eclecticist (Vampire Enchanter)       Turns: 72711, Time: 01:54:37

Health: -8/132     AC: 16    Str:  7    XL:     18   Next: 27%
Magic:  38/38      EV: 13    Int: 26    God:    Dithmenos [******]
Gold:   1791       SH: 17    Dex: 22    Spells: 9/50 levels left

rFire   + . .        w - staff of earth
rCold   + + .        u - +1 kite shield {AC+3}
rNeg    . . .        X - +2 robe {rC+ rF+}
rPois   +            I - +2 helmet
rElec   .            a - +0 cloak "Dauged" {rC+ rCorr Int+2}
rCorr   +            K - +1 pair of gloves {hurl}
SInv    +            F - +0 pair of boots
Will    +....        x - amulet of reflection
Stlth   +++++++      T - +6 ring of dexterity
HPRegen 0.62/turn    N - ring of poison resistance
MPRegen 0.26/turn

%: reflection
@: about to teleport, marked, healing quickly, wreathed by umbra, studying
Invocations
A: alive, fangs 3, see invisible, vampiric 2
}: 1/15 runes: serpentine
a: Exsanguinate, Renounce Religion, Shadow Step, Shadow Form


You were on level 4 of the Swamp.
You worshipped Dithmenos.
Dithmenos was exalted by your worship.
You visited 6 branches of the dungeon, and saw 30 of its levels.
You also visited: Ice Cave.

You collected 2961 gold pieces.
You spent 1170 gold pieces at shops.

Inventory:

Hand Weapons
 y - a +4 heavy broad axe
 H - a +0 hand axe of venom
 M - a +4 short sword of freezing
 S - a +4 dagger of venom
Missiles
 b - a throwing net
 r - 39 poisoned darts
 Z - 17 curare-tipped darts
Armour
 a - the +0 cloak "Dauged" (worn) {rC+ rCorr Int+2}
   (You acquired it in an ice cave)

   Int+2:     It affects your intelligence (+2).
   rC+:       It protects you from cold.
   rCorr:     It protects you from acid and corrosion.
 u - a +1 kite shield of protection (worn)
 v - a +0 kite shield of positive energy
 F - a +0 pair of boots (worn)
 I - a +2 helmet (worn)
 K - a +1 pair of gloves of hurling (worn)
 W - a scarf of repulsion
 X - a +2 robe of resistance (worn)
 Y - a +0 troll leather armour
Magical Staves
 t - a staff of death
 w - a staff of earth (weapon)
Jewellery
 o - an amulet of regeneration
 x - an amulet of reflection (around neck)
 A - a ring of protection from cold
 N - a ring of poison resistance (right hand)
 P - a ring of fire
 T - a +6 ring of dexterity (left hand)
 V - a ring of willpower
Wands
 l - a wand of polymorph (12)
 B - a wand of digging (37)
 E - a wand of quicksilver (8)
 L - a wand of iceblast (30)
 O - a wand of mindburst (13)
Scrolls
 c - 4 scrolls of fear
 g - 5 scrolls of fog
 i - a scroll of revelation
 j - a scroll of blinking
 k - 18 scrolls of teleportation
 p - a scroll of enchant armour
 z - 2 scrolls of immolation
 R - 2 scrolls of enchant weapon
Potions
 d - 2 potions of magic
 e - 9 potions of heal wounds
 f - 6 potions of mutation
 h - 4 potions of ambrosia
 m - 12 potions of curing
 n - 4 potions of might
 q - a potion of haste
 s - a potion of cancellation
 D - 5 potions of brilliance
 G - 3 potions of resistance
 Q - 5 potions of attraction
 U - 4 potions of invisibility
Miscellaneous
 C - a phantom mirror
 J - a lightning rod (4/4)


   Skills:
 * Level 9.3 Fighting
 - Level 2.0 Short Blades
 + Level 6.4 Axes
 * Level 7.9 Armour
 + Level 5.1 Dodging
 + Level 6.2 Stealth
 * Level 4.0 Shields
 * Level 16.7 Spellcasting
 - Level 7.9 Conjurations
 - Level 5.3 Hexes
 * Level 7.8 Fire Magic
 + Level 0.7 Ice Magic
 * Level 12.6 Air Magic
 - Level 11.1 Earth Magic
 - Level 6.1 Alchemy
 * Level 10.6 Invocations


You had 9 spell levels left.
You knew the following spells:

 Your Spells              Type           Power      Damage    Failure   Level
a - Ensorcelled Hibernat  Hex/Ice        74%        N/A       6%          2
b - Sandblast             Erth           100%       2d20      1%          1
c - Stone Arrow           Conj/Erth      100%       3d13      1%          3
d - Tukima's Dance        Hex            49%        N/A       4%          3
e - Plasma Beam           Fire/Air       33%        2x1d46    32%         6
f - Airstrike             Air            36%        2d(6-22)  1%          4
g - Olgreb's Toxic Radia  Alch           52%        N/A       11%         4
h - Sting                 Conj/Alch      100%       1d9       1%          1
i - Blink                 Tloc           42%        N/A       22%         2
j - Ignite Poison         Fire/Alch      55%        N/A       8%          4
k - Bombard               Conj/Erth      41%        9d7       38%         6
l - Irradiate             Conj/Alch      27%        3d20      22%         5

Your spell library contained the following spells:

 Spells                   Type           Power      Damage    Failure   Level
 Foxfire                  Conj/Fire      100%       2x1d9     1%          1
 Shock                    Conj/Air       100%       1d9       1%          1
 Slow                     Hex            100%       N/A       1%          1
 Cigotuvi's Dreadful Rot  Necr/Alch/Air  100%       N/A       1%          2
 Mercury Vapours          Alch/Air       100%       N/A       1%          2
 Passwall                 Erth           88%        N/A       1%          3
 Swiftness                Air            72%        N/A       1%          3
 Kiss of Death            Conj/Necr      100%       2d13      2%          1
 Dazzling Flash           Conj/Hex       100%       N/A       2%          3
 Brom's Barrelling Bould  Conj/Erth      82%        2d9       2%          4
 Momentum Strike          Conj/Tloc      84%        3d10      4%          2
 Confusing Touch          Hex            49%        N/A       4%          3
 Sigil of Binding         Hex            49%        N/A       4%          3
 Petrify                  Alch/Erth      79%        N/A       4%          4
 Arcjolt                  Conj/Air       33%        1d43      6%          5
 Hailstorm                Conj/Ice       44%        3d9       7%          3
 Freeze                   Ice            100%       1d10      11%         1
 Vhi's Electric Charge    Tloc/Air       100%       N/A       11%         4
 Summon Small Mammal      Summ           84%        N/A       14%         1
 Lesser Beckoning         Tloc           42%        N/A       22%         2
 Sublimation of Blood     Necr           21%        N/A       22%         2
 Freezing Cloud           Conj/Ice/Air   28%        6-21      22%         5
 Summon Blazeheart Golem  Fire/Summ      42%        N/A       28%         4
 Frozen Ramparts          Ice            50%        1d8       30%         3
 Call Canine Familiar     Summ           21%        N/A       38%         3
 Vampiric Draining        Necr           21%        2d7       38%         3
 Starburst                Conj/Fire      29%        6d9       63%         6
 Passage of Golubria      Tloc           21%        N/A       80%         4
 Summon Cactus Giant      Summ           10%        N/A       100%        6
 Enfeeble                 Hex            24%        N/A       100%        7
 Summon Hydra             Summ           10%        N/A       100%        7


Dungeon Overview and Level Annotations

Branches:
Dungeon (14/15)            Temple (1/1) D:6            Lair (5/5) D:8
  Swamp (4/4) Lair:3        Snake (4/4) Lair:2        Slime (0/5) Lair:5
    Orc (2/2) D:12            Elf (0/3) Orc:2         IceCv (visited)
 Vaults: D:13-14

Altars:
Ashenzari
Cheibriados
Dithmenos
Fedhas
Gozag
Hepliaklqana
Kikubaaqudgha
Makhleb
Nemelex Xobeh
Okawaru
Qazlal
Ru
Sif Muna
Trog
Uskayaw
Vehumet
Wu Jian
Xom
Yredelemnul
Jiyva
Lugonu

Shops:
D:8 *   D:9 =   D:10 (?   D:12 :   D:13 ?   Orc:2 ![:(   Snake:1 :
Snake:2 ?[[

Annotations:
D:3 Ijyb
D:5 2 transporters, Radamante's ghost, novice GrEE
D:6 1 runed translucent door, Crazy Yiuf
Temple 2 transporters
Swamp:1 1 runed translucent door, geeeeen's ghost, adept GrFE
Swamp:3 3 runed translucent doors, mushindo's ghost, adept HuSu
Orc:1 3 runed translucent doors, exclusion: obsidian statue, bob002's ghost, journeyman MiFi


Innate Abilities, Weirdness & Mutations

Your natural rate of healing is accelerated.
You have razor-sharp teeth.
You have supernaturally acute eyesight. (SInv)
You are afflicted with vampirism and can become a bat while bloodless.


Message History

Found 14 gold pieces.
As you read the scroll of blinking, it crumbles to dust.
You feel much better.
Unknown command.
Unknown command.
A swamp dragon and a tyrant leech come into view.
An alligator comes into view.
The swamp dragon moves out of view.
As you read the scroll of teleportation, it crumbles to dust.
You feel strangely unstable. The tyrant leech barely misses you.
The four-headed hydra bites you!
* * * LOW HITPOINT WARNING * * *
You block the four-headed hydra's attack.
The four-headed hydra bites you but does no damage. x2
Unknown command.
A seven-headed hydra and a swamp dragon come into view.
A swamp drake comes into view.
A spriggan druid comes into view. It is wielding a +0 quarterstaff.
The tyrant leech bites you!!
* * * LOW HITPOINT WARNING * * *
The tyrant leech draws strength from your injuries!
The alligator tail-slaps you but does no damage.
The alligator completely misses you.
The four-headed hydra barely misses you.
You block the four-headed hydra's attack.
The four-headed hydra bites you but does no damage.
You block the four-headed hydra's attack.
The swamp dragon moves out of view.
The alligator tail-slaps you.
* * * LOW HITPOINT WARNING * * *
You block the alligator's attack.
The four-headed hydra attacks as it pursues you!
You block the four-headed hydra's attack. x2
The four-headed hydra bites you.
* * * LOW HITPOINT WARNING * * *
The four-headed hydra bites you but does no damage.
The alligator tail-slaps you.
* * * LOW HITPOINT WARNING * * *
The alligator bites you!
You die...

♣♣ ♣♣♣♣♣♣♣♣ ♣♣♣ ♣~♣
♣~~.~~§♣♣♣.. ♣
♣~♣♣.~~~§§~...~§ ♣♣♣~
♣y.~..~~~~~~l..~
.~..~♣♣♣♣♣l~..♣♣~..~~.♣~
..~~~.~♣D~♣♣♣♣♣♣~.~.D.~~
.~~~§..@lw♣ .~~♣.....
.~~~~~$.D~♣ ~~~~♣♣♣♣♣♣
.~~§~~...♣D~~~.♣.. ♣
.~~~~~.♣♣~.~~§§ ♣
.~~§~~~ ~.~D~. ♣ ♣.~~~~~
..~~~~ §...~§~ .~~~~~
♣♣♣♣♣.. ~~~.


You could see a seven-headed hydra, a four-headed hydra, 2 swamp dragons, 2
alligators and a tyrant leech.

Vanquished Creatures
  A tentacled monstrosity (Swamp:3)
  Asterion (Snake:3)
  A thorn hunter (Swamp:3)
  Donald (Snake:2)
  3 nagarajas
  4 eleionomae
  3 bunyips
  8 hydras
  5 salamander tyrants
  An ogre mage (Orc:1)
  5 catoblepae
  7 alligators
  A death knight (D:13)
  3 centaur warriors
  3 boulder beetles
  19 anacondas
  7 two-headed ogres
  17 death yaks
  3 spriggan berserkers (Swamp:3)
  12 naga sharpshooters
  4 orc high priests (Orc:2)
  Urug (Orc:1)
  Nergalle (D:12)
  10 shock serpents
  15 naga warriors
  2 deep elf knights (D:14)
  Amaemon (Lair:3)
  A sea snake (Snake:3)
  2 skysharks
  4 bog bodies
  6 salamander mystics
  2 goliath frogs
  11 mana vipers
  5 spriggan druids
  4 naga ritualists
  4 swamp dragons
  3 lindwurms
  6 orc knights
  5 deep elf pyromancers
  A deep elf archer (D:14)
  A deep elf zephyrmancer (D:14)
  14 ugly things
  4 orc sorcerers
  An oklob plant (D:12)
  4 cyclopes
  19 salamanders
  8 will-o-the-wisps
  4 manticores
  14 elephants
  3 meliai (D:14)
  10 guardian serpents
  29 black mambas
  3 ice statues (IceCv)
  14 naga magi
  An orange demon (Lair:3)
  2 kobold blastminers (Orc:2)
  2 torpor snails
  15 cane toads
  3 efreet (D:13)
  11 komodo dragons
  A freezing wraith (IceCv)
  5 rime drakes
  7 trolls
  4 polar bears
  A bloated husk (Swamp:2)
  11 tyrant leeches
  12 hornets
  19 blink frogs
  8 dream sheep
  11 slime creatures
  10 spriggans
  6 wyverns
  3 water elementals (D:14)
  2 shadows (D:8)
  93 yaks
  3 wraiths
  3 fire elementals (D:14)
  4 wargs
  7 vampire mosquitoes
  A redback simulacrum (D:12)
  2 basilisks
  A two-headed ogre zombie (Orc:1)
  2 acid dragons
  46 nagas
  A death yak simulacrum (IceCv)
  Edmund (D:6)
  9 swamp worms
  3 hydra simulacra (IceCv)
  20 water moccasins
  An ice beast (D:5)
  3 swamp drakes
  14 orc warriors
  3 black bears
  2 sky beasts
  20 ogres
  16 wolves
  7 centaurs
  A phantom (D:6)
  2 kobold brigands (D:8)
  17 bullfrogs
  2 gnoll sergeants
  5 necrophages (Lair:4)
  4 scorpions
  9 wights
  2 elephant simulacra (IceCv)
  5 killer bees (D:10)
  An electric eel (Lair:1)
  An oklob sapling (D:12)
  4 howler monkeys
  4 hounds
  2 bombardier beetles
  3 sleepcaps
  26 orc priests
  2 jellies
  Jessica (D:2)
  11 iguanas
  19 orc wizards
  2 hell rats (Lair:1)
  A wolf simulacrum (IceCv)
  An ogre zombie (Orc:1)
  12 gnolls
  6 river rats
  5 adders
  A white imp (D:5)
  2 ufetubi (D:6)
  A dart slug (D:2)
  A ribbon worm (D:3)
  47 orcs
  13 ball pythons
  7 endoplasms
  6 giant cockroaches
  5 goblins
  7 hobgoblins
  4 jackals
  5 quokkas
  8 bats
  5 frilled lizards
  10 kobolds
  12 rats
999 creatures vanquished.

Vanquished Creatures (collateral kills)
  Sigmund (D:6)
  2 gnolls (D:4)
3 creatures vanquished.

Vanquished Creatures (others)
  A basilisk (D:14)
  3 dancing weapons
  16 foxfires
20 creatures vanquished.

Grand Total: 1022 creatures vanquished

Notes
Turn   | Place    | Note
-------+----------+-------------------------------------------
     0 | D:1      | SirRobin the Vampire Enchanter began the quest for the Orb.
     0 | D:1      | Reached XP level 1. HP: 13/13 MP: 3/3
   177 | D:1      | Reached XP level 2. HP: 20/20 MP: 5/5
   180 | D:1      | Learned a level 2 spell: Ensorcelled Hibernation
   344 | D:1      | You fall into a shaft and drop 1 floor!
   631 | D:1      | Found a faded altar of an unknown god.
   944 | D:1      | Learned a level 1 spell: Sandblast
   946 | D:2      | Noticed Jessica
  1162 | D:2      | Killed Jessica
  1163 | D:2      | Reached skill level 5 in Stealth
  1163 | D:2      | Gained mutation: You are afflicted with vampirism and can
                  | become a bat while bloodless. [Vampire growth]
  1163 | D:2      | Reached XP level 3. HP: 25/25 MP: 3/6
  1986 | D:2      | Reached XP level 4. HP: 31/31 MP: 5/7
  2221 | D:2      | Learned a level 3 spell: Stone Arrow
  2362 | D:3      | Reached skill level 1 in Earth Magic
  3264 | D:3      | Noticed Ijyb
  3428 | D:3      | Reached skill level 1 in Fighting
  4026 | D:4      | Reached XP level 5. HP: 31/37 MP: 3/9
  4080 | D:3      | Reached skill level 1 in Armour
  4168 | D:4      | Noticed an ogre
  4175 | D:3      | Learned a level 3 spell: Tukima's Dance
  4215 | D:4      | Killed an ogre
  4216 | D:4      | Reached skill level 3 in Spellcasting
  4234 | D:4      | Reached XP level 6. HP: 20/44 MP: 1/11
  5078 | D:5      | Entered Level 5 of the Dungeon
  5100 | D:5      | Found a bloodstained altar of Trog.
  5121 | D:5      | Reached skill level 4 in Spellcasting
  5215 | D:5      | Noticed a water moccasin
  5226 | D:5      | Killed a water moccasin
  5227 | D:5      | Reached XP level 7. HP: 51/51 MP: 0/13
  6038 | D:5      | Reached skill level 1 in Conjurations
  6425 | D:5      | Reached skill level 5 in Spellcasting
  6480 | D:5      | Found a transporter.
  6480 | D:5      | Noticed Radamante's ghost (novice GrEE)
  6480 | D:5      | Noticed a yak
  6731 | D:5      | Found a transporter.
  7308 | D:5      | Reached XP level 8. HP: 57/57 MP: 2/15
  8176 | D:6      | Reached skill level 5 in Earth Magic
  8708 | D:6      | Noticed Edmund
  8715 | D:6      | Killed Edmund
  8821 | D:6      | Noticed Sigmund
  8828 | D:6      | Killed Sigmund
  8829 | D:6      | Reached skill level 6 in Spellcasting
  8829 | D:6      | Reached XP level 9. HP: 64/64 MP: 2/18
  9132 | D:6      | Found a basalt altar of Yredelemnul.
  9169 | D:6      | Reached skill level 5 in Hexes
  9306 | D:6      | Found a blossoming altar of Fedhas.
  9602 | D:6      | Found a staircase to the Ecumenical Temple.
  9613 | D:6      | Found an ornate altar of the Wu Jian Council.
  9620 | Temple   | Found a transporter.
  9620 | Temple   | Found a transporter.
  9620 | Temple   | Found a transporter.
  9620 | Temple   | Found a transporter.
  9620 | Temple   | Entered the Ecumenical Temple
  9638 | Temple   | Became a worshipper of Dithmenos the Shadowed
  9949 | D:6      | Found a runed translucent door.
  9950 | D:6      | Noticed Crazy Yiuf
 10644 | D:7      | Learned a level 6 spell: Plasma Beam
 11548 | D:8      | Reached skill level 1 in Invocations
 11579 | D:8      | Reached skill level 1 in Axes
 11959 | D:8      | Reached skill level 1 in Air Magic
 12384 | D:8      | Reached skill level 1 in Fire Magic
 12661 | D:8      | Reached XP level 10. HP: 56/73 MP: 10/20
 12666 | D:8      | Reached * piety under Dithmenos
 12785 | D:8      | Found a staircase to the Lair.
 13244 | D:8      | Found Mumiof's General Store.
 13433 | D:8      | Reached skill level 7 in Spellcasting
 13691 | D:9      | Found Baklixiu's Jewellery Shop.
 14339 | D:9      | Reached ** piety under Dithmenos
 14994 | D:10     | Entered Level 10 of the Dungeon
 14994 | D:10     | Found Paqiw's Weapon Boutique.
 15609 | D:10     | Reached skill level 8 in Spellcasting
 16030 | D:10     | Noticed a two-headed ogre
 16031 | D:10     | Reached skill level 5 in Fighting
 16112 | D:10     | Killed a two-headed ogre
 16113 | D:10     | Reached XP level 11. HP: 70/79 MP: 1/23
 16350 | D:10     | Found The Oracle's Delphic Readings.
 16354 | D:10     | Bought a book of Air for 286 gold pieces
 16359 | D:10     | Learned a level 4 spell: Airstrike
 16826 | D:11     | Noticed a green ugly thing
 16832 | D:11     | Killed a green ugly thing
 17656 | D:11     | Identified the +0 robe of the Ten Tables {rF+ rC+ Int-4}
 17749 | D:11     | Reached skill level 5 in Conjurations
 17842 | D:11     | Found a blossoming altar of Fedhas.
 18743 | D:12     | Noticed a boulder beetle
 18758 | D:12     | Killed a boulder beetle
 18898 | D:12     | Noticed a brown ugly thing
 19010 | Lair:1   | Entered Level 1 of the Lair of Beasts
 19017 | Lair:1   | Reached skill level 9 in Spellcasting
 19701 | Lair:1   | Noticed a death yak
 19836 | Lair:1   | Reached *** piety under Dithmenos
 20517 | Lair:1   | Noticed a death yak
 20517 | Lair:1   | Noticed a death yak
 20636 | Lair:1   | Noticed a death yak
 20976 | D:12     | Killed a brown ugly thing
 21058 | D:12     | Noticed a boulder beetle
 21163 | D:10     | Bought a Young Poisoner's Handbook for 260 gold pieces
 21168 | D:10     | Learned a level 4 spell: Olgreb's Toxic Radiance
 21170 | D:10     | Learned a level 1 spell: Sting
 21324 | D:12     | Found Ritiz's Book Shop.
 21343 | D:12     | Found a staircase to the Orcish Mines.
 21654 | D:12     | Killed a boulder beetle
 21655 | D:12     | Reached XP level 12. HP: 52/86 MP: 9/25
 22722 | D:12     | Reached skill level 1 in Alchemy
 23550 | D:12     | Noticed an eight-headed hydra
 23740 | Orc:1    | Entered Level 1 of the Orcish Mines
 24382 | Orc:1    | Noticed Urug
 24524 | D:12     | Reached **** piety under Dithmenos
 24652 | Orc:1    | Killed Urug
 24856 | Orc:1    | Reached skill level 5 in Air Magic
 25095 | Orc:1    | Noticed a two-headed ogre
 25096 | Orc:1    | Noticed a two-headed ogre
 25096 | Orc:1    | Noticed a two-headed ogre
 25125 | Orc:1    | Killed a two-headed ogre
 25131 | Orc:1    | Killed a two-headed ogre
 25313 | Orc:1    | Found a runed translucent gate.
 25313 | Orc:1    | Found a runed translucent gate.
 25314 | Orc:1    | Found a runed translucent gate.
 25315 | Orc:1    | Found an opulent altar of Gozag.
 25316 | Orc:1    | Noticed bob002's ghost (journeyman MiFi)
 25329 | Orc:1    | Noticed Nergalle
 25437 | D:12     | Killed Nergalle
 25438 | D:12     | Reached skill level 10 in Spellcasting
 25598 | Orc:1    | Found a burning altar of Makhleb.
 26343 | Orc:1    | Noticed a two-headed ogre
 26343 | Orc:1    | Noticed a two-headed ogre
 26355 | Orc:1    | Killed a two-headed ogre
 26360 | Orc:1    | Killed a two-headed ogre
 26523 | Orc:1    | Noticed a two-headed ogre
 26527 | Orc:1    | Killed a two-headed ogre
 26580 | Orc:1    | Killed a two-headed ogre
 26600 | Orc:1    | Noticed an ogre mage
 26693 | Orc:1    | Killed an ogre mage
 26825 | Orc:1    | Got the Papyrus of Combined Transposition
 26902 | Orc:2    | Entered Level 2 of the Orcish Mines
 27148 | Orc:2    | Reached XP level 13. HP: 93/93 MP: 17/27
 27586 | Orc:2    | Found a staircase to the Elven Halls.
 28500 | Orc:2    | Paralysed by an orc sorcerer for 4 turns
 29328 | Orc:2    | Found Zofous's Distillery.
 29333 | Orc:2    | Found Alooklul's Armour Boutique.
 29343 | Orc:2    | Reached skill level 5 in Armour
 29372 | Orc:2    | Reached skill level 5 in Axes
 29504 | Orc:2    | Found Nisa's Weapon Shoppe.
 29505 | Orc:2    | Found Huifreash's Book Boutique.
 29983 | D:8      | Reached skill level 5 in Invocations
 30093 | Lair:1   | Reached skill level 10 in Earth Magic
 30095 | Lair:1   | Reached ***** piety under Dithmenos
 30904 | D:10     | Bought a book of Spatial Translocations for 234 gold pieces
 30907 | D:10     | Learned a level 2 spell: Blink
 31215 | D:12     | Reached skill level 11 in Spellcasting
 31935 | D:13     | Found a corrupted altar of Lugonu.
 33068 | D:13     | Found Ubrite's Magic Scroll Boutique.
 33071 | D:13     | Bought a scroll of blinking for 105 gold pieces
 33099 | D:13     | Reached skill level 5 in Fire Magic
 33224 | D:13     | Reached XP level 14. HP: 96/101 MP: 8/29
 34193 | D:14     | Reached skill level 5 in Alchemy
 35928 | D:14     | Noticed an ironbound preserver
 37304 | Lair:2   | Reached skill level 12 in Spellcasting
 38522 | Lair:2   | Identified the +2 plate armour "Meaqeh" {rC+ Str+3}
 38682 | Lair:2   | Reached ****** piety under Dithmenos
 39156 | Lair:2   | Found a staircase to the Snake Pit.
 39697 | Lair:3   | Found a staircase to the Swamp.
 40033 | Lair:3   | Reached XP level 15. HP: 101/108 MP: 11/31
 40675 | Lair:3   | Noticed Amaemon
 40683 | Lair:3   | Killed Amaemon
 41654 | Lair:4   | Found a frozen archway.
 41667 | IceCv    | Entered an ice cave
 41931 | IceCv    | Learned a level 4 spell: Ignite Poison
 42698 | IceCv    | Identified the +9 dagger of the Arena {antimagic, rElec
                  | Int-2 SInv Stlth+}
 42734 | IceCv    | Identified a scroll of acquirement
 42734 | IceCv    | Acquired the +0 cloak "Dauged" {rC+ rCorr Int+2}
 43494 | Lair:4   | Acquired SirRobin's Textbook on Vexatious Kinetic Energy
 43503 | Lair:4   | Learned a level 6 spell: Bombard
 43940 | Lair:5   | Entered Level 5 of the Lair of Beasts
 43940 | Lair:5   | Found a staircase to the Slime Pits.
 43940 | Lair:5   | Found a viscous altar of Jiyva.
 44452 | Lair:5   | Reached skill level 13 in Spellcasting
 47674 | Lair:5   | Reached skill level 5 in Dodging
 48010 | Snake:1  | Entered Level 1 of the Snake Pit
 48049 | Snake:1  | Reached XP level 16. HP: 116/116 MP: 24/33
 48101 | Snake:1  | Reached skill level 14 in Spellcasting
 50941 | Snake:1  | Found Siehi's Tiny Tomes.
 52947 | Snake:2  | Noticed Donald
 52973 | Snake:2  | Killed Donald
 55704 | Snake:2  | Found Miliekoz's Antique Armour Shoppe.
 55706 | Snake:2  | Found Xaeramim's Armour Emporium.
 55709 | Snake:2  | Found Enodghy's Magic Scroll Shoppe.
 55712 | Snake:2  | Bought a pair of bloodstained boots for 285 gold pieces
 55712 | Snake:2  | Identified the +0 pair of boots of Kyoruj {Harm rF++
                  | Stlth-} (You bought it in a shop on level 2 of the Snake
                  | Pit)
 56885 | Snake:2  | Reached skill level 1 in Shields
 57663 | Snake:3  | Reached skill level 15 in Spellcasting
 58101 | Snake:3  | Noticed Asterion
 58107 | Snake:3  | Killed Asterion
 58648 | Snake:3  | Reached skill level 10 in Air Magic
 59113 | Snake:4  | Entered Level 4 of the Snake Pit
 59752 | Snake:4  | Reached XP level 17. HP: 124/124 MP: 31/36
 65242 | Snake:4  | Reached skill level 10 in Invocations
 65406 | Snake:4  | Reached skill level 16 in Spellcasting
 66230 | Snake:4  | Got a serpentine rune of Zot
 66468 | Swamp:1  | Entered Level 1 of the Swamp
 67486 | Lair:3   | Learned a level 5 spell: Irradiate
 68534 | Swamp:1  | Found a runed translucent door.
 68540 | Swamp:1  | Found a shimmering altar of Xom.
 68540 | Swamp:1  | Noticed geeeeen's ghost (adept GrFE)
 69656 | Swamp:2  | Reached XP level 18. HP: 132/132 MP: 24/38
 71398 | Swamp:3  | Found a runed translucent gate.
 71400 | Swamp:3  | Found a runed translucent gate.
 71400 | Swamp:3  | Found a runed translucent gate.
 71402 | Swamp:3  | Noticed mushindo's ghost (adept HuSu)
 71567 | Swamp:3  | Noticed a tentacled monstrosity
 72009 | Swamp:3  | Killed a tentacled monstrosity
 72520 | Swamp:4  | Entered Level 4 of the Swamp
 72711 | Swamp:4  | HP: 3/132 [alligator (6)]
 72711 | Swamp:4  | Mangled by an alligator

Illustrated notes

Levels and vault maps discovered:
D:1:      evilmike_arrival_fibonacci_small, layout_basic,
          shapermc_ecumenical_altar_notcrosses
D:2:      layout_loops_corners, minmay_misc_feat_pillars, uniq_jessica
D:3:      layout_loops_ring, uniq_ijyb
D:4:      layout_cave_pools
D:5:      layout_rooms, trog_ov_bears_minmay, gammafunk_ghost_arena,
          minmay_misc_feat_alley
D:6:      layout_layer_cave, mainiacjoe_overflow_six_doors_small,
          nicolae_overflow_hidden_temple, minmay_temple_entry_glassed_door,
          sigmund_edmund_badplayer, uniq_crazy_yiuf_cottage
D:7:      layout_basic, corexii_leaking_fountain
D:8:      layout_loops_cross, minmay_lair_entry_grove, serial_shops,
          nicolae_shop_waterfront
D:9:      layout_long_grid, serial_co_window_serial, co_window_paths_a,
          co_window_paths_a, co_window_paths_a, co_window_corner_a,
          co_window_paths_a, co_window_broadway_a, co_window_cross_2,
          co_window_unsneaky_path_c, co_window_4corner_b, glass_columns_a,
          serial_shops, shop
D:10:     layout_long_grid, nicolae_stop_n_shop_1, nicolae_nh_oracle_at_delphi
D:11:     layout_roguey, fedhas_altar_fruit_tree
D:12:     layout_loops_corners, david_orc_2, serial_shops, shop,
          introduction_to_nature_2
D:13:     layout_rooms, serial_shops, nicolae_shop_rolled_up, tgw_lugonu_bribe
D:14:     dpeg_index_elf_rogue_hall, layout_cave_pods,
          hellmonk_vaults_order_and_chaos, minmay_misc_feat_ornament,
          dk_noncrumbling_4, tso_metal_star
Temple:   hellmonk_temple_divided_pantheon
Lair:1:   layout_hall_layers, kennysheep_rathole, grunt_megastairs_2,
          serial_bayou_shore_a, serial_bayou_shore_b
Lair:2:   layout_cave_pods, alex1729_snake_entry_snake, grunt_megastairs_3
Lair:3:   layout_cave_pods, swamp_mist, grunt_megastairs_4, uniq_amaemon
Lair:4:   layout_big_grid, portal_ice_cave_rime, minmay_holes,
          roderic_carrion_pond, st_stairs_7, grunt_megastairs_5
Lair:5:   evilmike_catoblepas_cave, layout_loops_ring, slime_entry_1,
          serial_bayou_lagoon_a, lemuel_fruit_tree
Swamp:1:  layout_basic_swamp, ebering_ghost_xom, serial_swamp_ruin,
          evilmike_swamp_ruin_rubble_1, evilmike_swamp_ruin_house_3,
          nicolae_swamp_orc_logging_accident, infiniplex_staircase_pool
Swamp:2:  layout_falls_marsh, nicolae_swamp_reclaimed_castle,
          nicolae_swamp_trees_clearing
Swamp:3:  layout_basic_swamp, gammafunk_ghost_necromancy,
          nicolae_swamp_long_stream, swamp_pool_3
Swamp:4:  swamp_alternative, layout_basic_swamp,
          nicolae_swamp_decorative_isthmus
Snake:1:  layout_onion, nicolae_shop_i_like_small_books_too
Snake:2:  layout_chambers, minmay_shop_star, uniq_donald
Snake:3:  layout_cave_shapes, serial_bayou_crossing, uniq_asterion
Snake:4:  snake_pit_salamanders_mu, layout_cave_town
Orc:1:    lemuel_ogre_cave, layout_diamond_mine, ebering_ghost_gozag,
          basic_altar, uniq_urug, uniq_nergalle
Orc:2:    st_orc_elflike, layout_diamond_mine, nicolae_orc_seminary

Skill      XL: |  1  2  3  4  5  6  7  8  9 10 11 12 13 14 15 16 17 18 |
---------------+-------------------------------------------------------+-----
Stealth        | 5 6 |  6.2
Earth Magic    | 1 2 3 4 5 6 7 8 9 10 11 | 11.1
Fighting       | 1 2 3 4 5 6 7 8 9 |  9.3
Armour         | 1 2 3 4 5 6 7 |  7.9
Spellcasting   | 3 4 5 6 8 9 10 11 12 13 15 16 | 16.7
Conjurations   | 1 3 4 5 6 7 |  7.9
Short Blades   | 2 |  2.0
Hexes          | 5 |  5.3
Invocations    | 1 2 3 4 5 6 8 9 10 | 10.6
Axes           | 2 3 4 5 6 |  6.4
Air Magic      | 2 3 4 5 6 7 10 12 | 12.6
Fire Magic     | 1 2 3 4 5 6 7 |  7.8
Dodging        | 3 4 5 |  5.1
Alchemy        | 2 4 5 6 |  6.1
Shields        | 1 3 4 |  4.0
Ice Magic      | |  0.7

Action                     |  1- 3 |  4- 6 |  7- 9 | 10-12 | 13-15 | 16-18 || total
---------------------------+-------+-------+-------+-------+-------+-------++-------
  Melee: Dagger            |    73 |    65 |    48 |   116 |    37 |       ||   339
         Bite              |     4 |     8 |    11 |    27 |    22 |     1 ||    73
         Punch             |       |     2 |       |     3 |     2 |       ||     7
         Hand axe          |       |       |    22 |    21 |       |       ||    43
         Staff             |       |       |       |       |    67 |     2 ||    69
  Throw: Dart              |       |       |       |     8 |       |       ||     8
   Cast: Sandblast         |    30 |   108 |    13 |     1 |     2 |       ||   154
         Ensorcelled Hiber |     5 |     3 |     1 |       |       |       ||     9
         Stone Arrow       |       |     6 |   150 |   420 |   757 |    10 ||  1343
         Tukima's Dance    |       |     5 |     3 |     5 |     2 |       ||    15
         Airstrike         |       |       |       |    32 |    25 |   751 ||   808
         Olgreb's Toxic Ra |       |       |       |     7 |    60 |    14 ||    81
         Ignite Poison     |       |       |       |       |     7 |     4 ||    11
         Irradiate         |       |       |       |       |       |     2 ||     2
  Evoke: Wand              |       |       |       |       |       |     2 ||     2
         Lightning rod     |       |       |       |       |       |     4 ||     4
    Use: Potion            |       |     3 |     2 |       |       |     2 ||     7
         Scroll            |       |       |     9 |     1 |    13 |    13 ||    36
   Stab: Sleeping          |    10 |       |     1 |       |       |       ||    11
 Armour: Robe              |    42 |    86 |    17 |       |   394 |   213 ||   752
         Leather armour    |       |       |   102 |    44 |       |       ||   146
         Troll leather arm |       |       |       |   141 |    77 |       ||   218
  Dodge: Dodged            |    47 |   103 |   110 |   190 |   457 |   110 ||  1017
         Repelled          |       |       |       |       |     5 |       ||     5
  Block: Other             |       |       |       |       |       |    33 ||    33
         Reflection        |       |       |       |       |       |    22 ||    22
         Kite shield       |       |       |       |       |       |    63 ||    63
